 Dungeon Crawl Stone Soup version 0.30.1-11-g7821555f0a (webtiles) character file.

Game seed: 1576889207838856306

200 KittyFluff the Cudgeller (level 5, -4/49 HPs)
             Began as a Gargoyle Berserker on Nov 16, 2023.
             Was a Priest of Trog.
             Slain by a gnoll
             ... wielding a +0 whip
              (6 damage)
             ... on level 4 of the Dungeon.
             The game lasted 00:07:20 (1867 turns).

KittyFluff the Cudgeller (Gargoyle Berserker)       Turns: 1867, Time: 00:07:21

Health: -4/49      AC:  9    Str: 22    XL:     5   Next: 78%
Magic:  5/5        EV: 11    Int:  8    God:    Trog [***...]
Gold:   118        SH:  3    Dex:  9    Spells: 4/4 levels left

rFire   . . .        a - +0 mace
rCold   . . .        m - +0 buckler
rNeg    + . .        i - +0 leather armour
rPois   ∞            (no helmet)
rElec   +            r - +0 cloak
rCorr   .            (no gloves)
SInv    .            t - +0 pair of boots
Will    .....        (no amulet) Stlth
                     (no ring)
HPRegen 0.28/turn    (no ring)
MPRegen 0.09/turn

%: no passive effects
@: berserking (expiring), very quick
A: sickness immunity, AC +4, negative energy resistance 1, electricity
resistance, torment resistance 1, petrification resistance
a: Renounce Religion, Berserk, Trog's Hand


You were on level 4 of the Dungeon.
You worshipped Trog.
Trog was most pleased with you.
You visited 1 branch of the dungeon, and saw 3 of its levels.

You collected 118 gold pieces.

Inventory:

Hand Weapons
 a - a +0 mace (weapon)
 c - a +0 sling
 q - a +3 quarterstaff of chaos
Missiles
 j - 5 poisoned darts (quivered)
Armour
 i - a +0 leather armour (worn)
 m - a +0 buckler (worn)
 p - the +6 ring mail "Qaud" {Will+}
   (You found it on level 2 of the Dungeon)

   Will:      It increases your willpower.
 r - a +0 cloak (worn)
 t - a +0 pair of boots (worn)
Scrolls
 e - 4 scrolls of identify {unknown}
 g - a scroll of amnesia {unknown}
 k - a scroll of immolation {unknown}
 l - a scroll of vulnerability {unknown}
 n - 2 scrolls of teleportation {unknown}
 o - a scroll of noise {unknown}
Potions
 b - 2 potions of curing {unknown}
 d - a potion of lignification {unknown}
 f - 2 potions of mutation {unknown}
 h - 2 potions of might {unknown}
 s - a potion of ambrosia {unknown}


   Skills:
 + Level 3.9 Fighting
 * Level 4.2 Maces & Flails
 * Level 3.7 Armour
 + Level 2.2 Dodging
 + Level 1.9 Stealth
 + Level 1.2 Shields


You had 4 spell levels left.
You didn't know any spells.
Your spell library was empty.

Dungeon Overview and Level Annotations

Branches:
Dungeon (2/15)

Altars:

Shops:
D:1 ?


Innate Abilities, Weirdness & Mutations

You are immune to sickness and miasma.
Your stone body is resilient. (AC +4)
You are immune to poison.
You resist negative energy. (rN+)
You are resistant to electric shocks. (rElec)
You are resistant to unholy torment.
You are immune to petrification.


Message History

You barely miss the gnoll. The gnoll barely misses you.
You closely miss the gnoll. The gnoll barely misses you.
You hit the gnoll but do no damage.
A gnoll comes into view. It is wielding a +0 flail.
You block the gnoll's attack. The gnoll closely misses you.
You hit the gnoll but do no damage. The gnoll hits you with a +0 halberd.
You hit the gnoll.
The gnoll is heavily wounded.
The gnoll closely misses you.
You hit the gnoll.
The gnoll is almost dead.
The gnoll hits you with a +0 halberd!
You hit the gnoll.
You kill the gnoll!
Trog accepts your kill.
A gnoll comes into view. It is wielding a +0 whip.
The gnoll barely misses you.
You barely miss the gnoll. You block the gnoll's attack.
You closely miss the gnoll. The gnoll hits you with a +0 flail.
* * * LOW HITPOINT WARNING * * *
A red film seems to cover your vision as you go berserk!
You feel yourself moving faster!
You feel mighty! The gnoll hits you with a +0 flail!
* * * LOW HITPOINT WARNING * * *
You barely miss the gnoll. The gnoll barely misses you.
You hit the gnoll.
The gnoll is lightly wounded.
You block the gnoll's attack.
You closely miss the gnoll.
The gnoll is lightly wounded.
The gnoll closely misses you.
You hit the gnoll.
The gnoll is heavily wounded.
You sock the gnoll!
You kill the gnoll!
Trog accepts your kill.
You sock the gnoll!
The gnoll is severely wounded.
The gnoll hits you with a +0 whip.
You die...

#
#####.#
#..@g)#
#.#####
#.# #.#
#.# #.#
#.# #.#
#.# #.#
#.# #.#


You could see a gnoll.

Vanquished Creatures
  A hound (D:4)
  Crazy Yiuf (D:2)
  3 gnolls (D:4)
  3 adders (D:2)
  A worm (D:2)
  6 dart slugs
  8 endoplasms
  4 giant cockroaches
  6 goblins (D:1)
  4 hobgoblins
  6 quokkas
  8 ball pythons (D:1)
  8 bats
  A frilled lizard (D:2)
  9 kobolds
  3 rats (D:1)
72 creatures vanquished.

Notes
Turn   | Place    | Note
-------+----------+-------------------------------------------
     0 | D:1      | KittyFluff the Gargoyle Berserker began the quest for the
                  | Orb.
     0 | D:1      | Reached XP level 1. HP: 14/14 MP: 1/1
   252 | D:1      | Reached XP level 2. HP: 6/19 MP: 2/2
   445 | D:1      | Reached XP level 3. HP: 16/23 MP: 3/3
   521 | D:1      | Reached ** piety under Trog
   659 | D:1      | Found The Oracle's Delphic Readings.
   806 | D:1      | Reached skill level 1 in Stealth
  1046 | D:2      | Reached XP level 4. HP: 27/29 MP: 4/4
  1296 | D:2      | Found a faded altar of an unknown god.
  1344 | D:2      | Identified the +6 ring mail "Qaud" {Will+}
  1379 | D:2      | Found a runed translucent door.
  1380 | D:2      | Noticed Crazy Yiuf
  1387 | D:2      | Killed Crazy Yiuf
  1388 | D:2      | Reached XP level 5. HP: 28/33 MP: 5/5
  1577 | D:2      | Reached skill level 4 in Maces & Flails
  1611 | D:2      | You fall into a shaft and drop 2 floors!
  1731 | D:4      | Reached *** piety under Trog
  1776 | D:4      | Reached skill level 1 in Shields
  1861 | D:4      | HP: 1/49 [gnoll/+0 flail (8)]
  1867 | D:4      | Slain by a gnoll

Illustrated notes

Levels and vault maps discovered:
D:1:      dpeg_cavernosity, layout_basic, nicolae_nh_oracle_at_delphi
D:2:      layout_basic, chequers_ecumenical_altar_simple_redux,
          uniq_crazy_yiuf_cottage
D:4:      layout_loops_ring, serial_undead, serial_undead_a, serial_undead_f,
          serial_undead_b, serial_undead_d, uniq_blork_the_orc

Skill      XL: |  1  2  3  4  5 |
---------------+----------------+-----
Stealth        | 1 |  1.9
Armour         | 3 |  3.7
Dodging        | 2 |  2.2
Maces & Flails | 4 |  4.2
Shields        | 1 |  1.2
Fighting       | |  3.9

Action                     |  1- 3 |  4- 6 || total
---------------------------+-------+-------++-------
  Melee: Mace              |   125 |   117 ||   242
         Punch             |     3 |       ||     3
 Invoke: Berserk           |     1 |     2 ||     3
   Stab: Sleeping          |     1 |     2 ||     3
 Armour: Animal skin       |     7 |       ||     7
         Leather armour    |    36 |    50 ||    86
  Dodge: Dodged            |    70 |    54 ||   124
  Block: Buckler           |     1 |    19 ||    20
